 Dungeon Crawl Stone Soup version 0.23.1 (webtiles) character file.

Game seed: 1957972436327440597

28 Kairos the Sneak (level 3, -1/18 HPs)
             Began as a Vine Stalker Assassin on Mar 7, 2019.
             Slain by a hobgoblin
             ... wielding a +0 club
             ... led by Robin
              (2 damage)
             ... on level 2 of the Dungeon.
             The game lasted 00:03:54 (1619 turns).

Kairos the Sneak (Vine Stalker Assassin)            Turns: 1619, Time: 00:03:55

Health: -1/18      AC:  7    Str: 14    XL:     3   Next: 12%
Magic:  0/4        EV: 11    Int: 11    God:
Gold:   62         SH:  0    Dex: 15    Spells: 2/2 levels left

rFire    . . .     SeeInvis .   a - +2 dagger
rCold    . . .     Gourm    .   (no shield)
rNeg     . . .     Faith    .   c - +0 robe
rPois    .         Spirit   +   l - +1 helmet
rElec    .         Reflect  .   d - +0 cloak
rCorr    .         Harm     .   (no gloves)
MR       .....                  k - +1 pair of boots
Stlth    +++.......             (no amulet)
HPRegen  0.06/turn              (no ring)
MPRegen  0.09/turn              (no ring)

@: lethally poisoned (-1 -> -12)
A: fangs 2, magic shield, antimagic bite, no potion heal 3, rot immunity
a: no special abilities


You were on level 2 of the Dungeon.
You were not hungry.

You visited 1 branch of the dungeon, and saw 2 of its levels.

You collected 62 gold pieces.

Inventory:

Hand Weapons
 a - a +2 dagger (weapon)
 b - a +0 blowgun
Missiles
 e - 8 poisoned needles
 f - 2 curare-tipped needles
Armour
 c - a +0 robe (worn)
 d - a +0 cloak (worn)
 k - a +1 pair of boots (worn)
 l - a +1 helmet (worn)
Potions
 h - 2 potions of heal wounds {unknown}
 i - a potion of might {unknown}
 j - a potion of flight {unknown}
 m - 2 potions of mutation {unknown}
 n - a potion of agility {unknown}
 o - 2 potions of brilliance {unknown}
Comestibles
 g - a ration


   Skills:
 + Level 1.9 Fighting
 + Level 2.1 Short Blades
 + Level 1.7 Throwing
 + Level 0.8 Dodging
 + Level 5.8 Stealth


You had 2 spell levels left.
You didn't know any spells.
Your spell library was empty.

Dungeon Overview and Level Annotations

Branches:
Dungeon (2/15)

Altars:

Annotations:
D:2 Robin


Innate Abilities, Weirdness & Mutations

You have extremely sharp teeth.
When hurt, damage is shared between your health and your magic reserves.
Your bite disrupts and absorbs the magic of your enemies.
Potions cannot restore your health.
You are immune to rotting.


Message History

a +0 dagger; a cursed +0 club; a goblin corpse x3
You hit the goblin.
You kill the goblin!
You feel sick.
You hit the hobgoblin but do no damage. Your bite misses the hobgoblin.
* * * LOW HITPOINT WARNING * * *
You feel sick. The hobgoblin barely misses you.
You closely miss the hobgoblin.
* * * LOW HITPOINT WARNING * * *
You feel sick. The hobgoblin hits you with a +0 club.
* * * LOW HITPOINT WARNING * * *
You hit the hobgoblin. Your bite misses the hobgoblin.
The hobgoblin is heavily wounded.
* * * LOW HITPOINT WARNING * * *
You feel sick.
You hit the hobgoblin but do no damage.
The hobgoblin is heavily wounded.
* * * LOW HITPOINT WARNING * * *
You feel sick. The hobgoblin hits you with a +0 club.
You die...

*#########'###.####**,,,*********
#.........# *,,,* #.....)...#
***** #...).....# #[........#
#.=.......###### #######........#
#...####.# #...g@<#.#
#####..####.# *******
#......#..).# *,,,,,,
#.###..#.#### **,***** #......#.#
*,,,,,,, #####....# *,,,,,,,
#..### *,,,,,,, #.># **,*****
#### *,*


You could see a hobgoblin.

Vanquished Creatures
  An ooze (D:2)
  A ball python (D:1)
  A bat (D:1)
  2 giant cockroaches (D:1)
  7 goblins
  2 hobgoblins
  A kobold (D:1)
  2 frilled lizards (D:1)
  4 rats
21 creatures vanquished.

Notes
Turn   | Place    | Note
-------+----------+-------------------------------------------
     0 | D:1      | Kairos the Vine Stalker Assassin began the quest for the
                  | Orb.
     0 | D:1      | Reached XP level 1. HP: 11/11 MP: 2/2
    61 | D:1      | Reached skill level 5 in Stealth
   121 | D:1      | Reached XP level 2. HP: 4/15 MP: 3/3
  1551 | D:2      | Noticed Robin
  1610 | D:2      | Reached XP level 3. HP: 9/18 MP: 2/4
  1619 | D:2      | Slain by a hobgoblin

Skill      XL: |  1  2 |
---------------+-------+-----
Stealth        | 5 |  5.8
Short Blades   | 2 |  2.1
Fighting       | |  1.9
Throwing       | |  1.7
Dodging        | |  0.8

Action                   || total
-------------------------++-------
Melee: Dagger            ||    43
       Bite              ||     9
  Use: Scroll            ||     4
 Stab: Sleeping          ||     6
  Eat: Chunk             ||     2
Armor: Robe              ||     5
Dodge: Dodged            ||    16
